 Dungeon Crawl Stone Soup version 0.31-a0-489-g282fc92437 (webtiles) character file.

Game seed: 7898425218421348186

203 GordonOverkill the Sneak (level 5, 0/36 HPs)
             Began as an Octopode Delver on Aug 8, 2023.
             Was an Initiate of Vehumet.
             Shot with an arrow by a centaur (13 damage)
             ... on level 7 of the Dungeon.
             The game lasted 00:03:28 (816 turns).

GordonOverkill the Sneak (Octopode Delver)           Turns: 816, Time: 00:03:28

Health: 0/36       AC:  1    Str: 12    XL:     5   Next: 81%
Magic:  5/5        EV: 13    Int: 14    God:    Vehumet [......]
Gold:   12         SH:  0    Dex: 13    Spells: 4/4 levels left

rFire   . . .        k - +2 falchion (protect)
rCold   . . .        (no shield)
rNeg    . . .        (helmet restricted)
rPois   .            (no amulet)
rElec   .            (no ring)
rCorr   .            (no ring)
SInv    .            (no ring)
Will    .....        (no ring)
Stlth   ++++         (no ring)
HPRegen 0.26/turn    (no ring)
MPRegen 0.09/turn    (no ring)
                     (no ring)

%: no passive effects
@: no status effects
A: almost no armour, amphibious, 8 rings, camouflage 1, gelatinous body 1,
(nimble swimmer 1), tentacles
a: Renounce Religion


You were on level 7 of the Dungeon.
You worshipped Vehumet.
Vehumet was noncommittal.
You visited 1 branch of the dungeon, and saw 4 of its levels.

You collected 12 gold pieces.

Inventory:

Hand Weapons
 a - a +0 short sword
 k - a +2 falchion of protection (weapon)
Missiles
 l - 2 boomerangs (quivered)
Armour
 j - an orb of energy
Wands
 f - a wand of digging (6)
 g - a wand of roots (5)
 h - a wand of mindburst (16)
Scrolls
 b - a scroll of fog
 c - a scroll of revelation
 i - a scroll of identify {unknown}
Potions
 e - a potion of haste
 m - a potion of lignification {unknown}


   Skills:
 - Level 3.0 Fighting
 - Level 3.6 Short Blades
 - Level 1.0 Throwing
 - Level 2.0 Dodging
 - Level 6.6 Stealth
 + Level 4.5 Evocations


You had 4 spell levels left.
You didn't know any spells.
Your spell library was empty.

Dungeon Overview and Level Annotations

Branches:
Dungeon (8/15)
 Temple: D:4-7         Lair: D:8-11

Altars:
Kikubaaqudgha
Nemelex Xobeh
Vehumet
Zin

Annotations:
D:8 Psyche


Innate Abilities, Weirdness & Mutations

You cannot wear most types of armour.
You are amphibious.
You can wear up to eight rings at the same time.
Your skin changes colour to match your surroundings (Stealth+).
Your rubbery body absorbs attacks. (AC +1, EV +1)
((You are camouflaged when in or above water. (Stealth+)))
You have tentacles for arms and can constrict up to eight enemies at once.


Message History

The hound misses you.
You hit the hound but do no damage.
The hound is severely wounded.
You constrict the hound. The hound bites you but does no damage.
The hound closely misses you.
You completely miss the hound.
The hound is severely wounded.
You constrict the hound. The hound barely misses you.
You hit the hound.
The hound is almost dead.
You constrict the hound.
You kill the hound!
Vehumet accepts your kill.
You start waiting.
Done waiting.
You see here a hound corpse.
The centaur wields a +0 shortbow.
The centaur shoots an arrow.
The arrow hits you.
You hear a shout!
A centaur comes into view.
The centaur shoots an arrow.
The arrow hits you!
* * * LOW HITPOINT WARNING * * *
The centaur wields a +0 orcbow.
The centaur shoots an arrow.
The arrow barely misses you.
As you read the scroll of fear, it crumbles to dust.
You assume a fearsome visage.
The centaur looks frightened! x2
The centaur yells at you, "GO AWAY!"
Unknown command.
Found an orcbow.
There is a stone staircase leading down here.
You climb downwards.
There is a stone staircase leading up here.
You climb upwards.
There is a stone staircase leading down here.
You start resting.
A centaur is nearby!
The centaur shoots an arrow.
The arrow hits you!
* * * LOW HITPOINT WARNING * * *
The centaur shoots an arrow.
The arrow hits you!
You die...

########
######......#
#............
######............
#...##.)..........
#@#..#............
#..#.####..†......
##....# #.........
###..####........
##..##.........
#.............
##[#c......?..
#.#.>........
#............


You could see a centaur.

Vanquished Creatures
  An ice beast (D:6)
  A hound (D:7)
  2 orc priests
  A shadow imp (D:6)
  8 orcs
13 creatures vanquished.

Notes
Turn   | Place    | Note
-------+----------+-------------------------------------------
     0 | D:5      | GordonOverkill the Octopode Delver began the quest for the
                  | Orb.
     0 | D:5      | Reached XP level 1. HP: 16/16 MP: 1/1
    16 | D:5      | Found an ancient bone altar of Kikubaaqudgha.
    19 | D:5      | Found a sparkling altar of Nemelex Xobeh.
    22 | D:5      | Found a radiant altar of Vehumet.
    26 | D:5      | Became a worshipper of Vehumet
    75 | D:5      | Noticed an orc priest
    93 | D:5      | Killed an orc priest
    94 | D:5      | Reached XP level 2. HP: 5/21 MP: 2/2
    94 | D:5      | Reached XP level 3. HP: 7/26 MP: 3/3
   302 | D:5      | Noticed a centaur
   489 | D:6      | Reached skill level 1 in Evocations
   502 | D:6      | Reached XP level 4. HP: 10/31 MP: 4/4
   586 | D:6      | Found a glowing silver altar of Zin.
   597 | D:6      | Noticed an ice beast
   601 | D:6      | Killed an ice beast
   602 | D:6      | Reached skill level 1 in Throwing
   602 | D:6      | Reached XP level 5. HP: 36/36 MP: 5/5
   679 | D:7      | Noticed a centaur
   792 | D:7      | Noticed a centaur
   800 | D:8      | Noticed Psyche
   800 | D:8      | Noticed an orc warrior
   816 | D:7      | Shot with an arrow by a centaur

Illustrated notes

Levels and vault maps discovered:
D:5:      layout_rooms, grunt_temple_overflow_diamond, lemuel_temple_firewalk_b,
          chequers_serial_rivers_marsh, minmay_misc_feat_pillars
D:6:      layout_basic, mainiacjoe_overflow_six_doors_small,
          mainiacjoe_overflow_surrounded_room, serial_demonic, serial_demonic_b,
          serial_demonic_b, serial_demonic_e, serial_demonic_c, minivault_11
D:7:      layout_rooms, hellmonk_ghost_happy_afterlife, uniq_joseph,
          uniq_duvessa, uniq_pikel
D:8:      layout_loops_ring, nzn_overflow_gifts_of_might_and_magic, serial_ice,
          serial_ice_o, serial_ice_i, serial_ice_e, serial_ice_b, serial_ice_g,
          serial_ice_f, uniq_psyche, uniq_amaemon

Skill      XL: |  1  2  3  4 |
---------------+-------------+-----
Short Blades   | 3 |  3.6
Evocations     | 2 4 |  4.5
Throwing       | 1 |  1.0
Fighting       | |  3.0
Dodging        | |  2.0
Stealth        | |  6.6

Action                     |  1- 3 |  4- 6 || total
---------------------------+-------+-------++-------
  Melee: Short sword       |    19 |     1 ||    20
         Constrict         |     7 |     2 ||     9
         Tentacles         |     7 |     2 ||     9
         Punch             |     2 |       ||     2
         Falchion          |       |    11 ||    11
  Evoke: Wand              |     2 |     2 ||     4
    Use: Scroll            |       |     1 ||     1
   Stab: Sleeping          |     1 |       ||     1
 Armour: Skin              |       |     2 ||     2
  Dodge: Dodged            |     9 |    11 ||    20

Table legend: (Time is in decaauts)
 A = Elapsed time spent in this place.
 B = Non-inter-level travel time spent in this place.
 C = Inter-level travel time spent in this place.
 D = Time resting spent in this place.
 E = Time spent auto-exploring this place.
 F = Levels seen in this place.
 G = Mean time per level.
                   A        B        C        D        E       F      G
               +--------+--------+--------+--------+--------+-----+--------+
         Total |    814 |    800 |     14 |    446 |      0 |   4 |  203.5 |
       Dungeon |    814 |    800 |     14 |    446 |      0 |   4 |  203.5 |
               +--------+--------+--------+--------+--------+-----+--------+

Top non-repeatable levels by time:
     D:5: 393 daAuts
     D:6: 282 daAuts
     D:7: 136 daAuts
     D:8: 1 daAuts
